 Dungeon Crawl Stone Soup version 0.29-a0-474-gdfe5cd140f (webtiles) character file.

Game seed: 4768069558268370811

46 lunkers the Grave Robber (level 3, -3/24 HPs)
             Began as a Vampire Necromancer on May 23, 2022.
             Slain by an ice beast (10 damage)
             ... on level 2 of the Dungeon on May 24, 2022.
             The game lasted 00:02:48 (2086 turns).

lunkers the Grave Robber (Vampire Necromancer)      Turns: 2086, Time: 00:02:49

Health: -3/24      AC:  2    Str: 13    XL:     3   Next: 46%
Magic:  4/6        EV: 12    Int: 19    God:
Gold:   183        SH:  0    Dex: 14    Spells: 5/6 levels left

rFire   + . .      SeeInvis +   (no weapon)
rCold   . . .      Faith    .   (no shield)
rNeg    . . .      Spirit   .   a - +0 robe
rPois   .          Reflect  .   (no helmet)
rElec   .          Harm     .   (no cloak)
rCorr   .          Rampage  .   (no gloves)
Will    .....                   (no boots)
Stlth   ++........              l - amulet of regeneration
HPRegen 1.08/turn               g - +6 ring of strength
MPRegen 0.10/turn               j - ring of protection from fire

@: healing quickly
A: alive, fangs 3, see invisible, vampiric 2
a: Exsanguinate


You were on level 2 of the Dungeon.
You visited 1 branch of the dungeon, and saw 3 of its levels.

You collected 183 gold pieces.

Inventory:

Hand Weapons
 m - a +2 hunting sling of freezing
Armour
 a - a +0 robe (worn)
Jewellery
 g - a +6 ring of strength (left hand)
 j - a ring of protection from fire (right hand)
 l - an amulet of regeneration (around neck)
Scrolls
 d - 2 scrolls of fear {unknown}
 e - a scroll of teleportation {unknown}
 i - a scroll of amnesia {unknown}
Potions
 b - a potion of magic
 c - a potion of invisibility {unknown}
 f - a potion of brilliance {unknown}
 h - a potion of degeneration {unknown}
 k - a potion of might {unknown}


   Skills:
 - Level 2.1 Dodging
 - Level 3.0 Stealth
 + Level 2.4 Spellcasting
 * Level 5.5 Necromancy


You had 5 spell levels left.
You knew the following spells:

 Your Spells              Type           Power      Damage    Failure   Level
a - Necrotize             Necr           92%        1d8       1%          1

Your spell library contained the following spells:

 Spells                   Type           Power      Damage    Failure   Level
 Vampiric Draining        Necr           23%        2d7       4%          3
 Animate Dead             Necr           23%        N/A       17%         4
 Agony                    Necr           23%        N/A       43%         5


Dungeon Overview and Level Annotations

Branches:
Dungeon (3/15)

Altars:
Kikubaaqudgha
Sif Muna


Innate Abilities, Weirdness & Mutations

Your natural rate of healing is accelerated.
You have razor-sharp teeth.
You have supernaturally acute eyesight. (SInv)
You are afflicted with vampirism and can become a bat while bloodless.


Message History

The ice beast barely resists.
No target in view!
Casting: Necrotize (safe; 1% risk of failure)
Confirm with . or Enter, or press ? or * to list all spells.
The ice beast barely resists.
There is a stone staircase leading up here.
Casting: Necrotize (safe; 1% risk of failure)
Confirm with . or Enter, or press ? or * to list all spells.
The ice beast writhes in agony.
The ice beast barely misses you.
The ice beast hits you but does no damage.
You climb upwards.
There is a stone staircase leading down here.
Unknown command.
Casting: Necrotize (safe; 1% risk of failure)
Confirm with . or Enter, or press ? or * to list all spells.
The ice beast barely resists.
The ice beast hits you. The ice beast freezes you.
* * * LOW HITPOINT WARNING * * *
You are too injured to fight recklessly!
Unknown command.
The ice beast attacks as you move away! The ice beast closely misses you.
The ice beast attacks as you move away! The ice beast barely misses you.
The ice beast attacks as you move away! The ice beast hits you.
The ice beast freezes you!
Ouch! That really hurt!
* * * LOW HITPOINT WARNING * * *
You aren't carrying any items that you can evoke.
Unknown command.
The ice beast attacks as you move away! The ice beast barely misses you.
The ice beast attacks as you move away! The ice beast barely misses you.
The ice beast attacks as you move away! The ice beast hits you.
The ice beast freezes you!
Ouch! That really hurt!
* * * LOW HITPOINT WARNING * * *
The ice beast attacks as you move away! The ice beast barely misses you.
The ice beast attacks as you move away! The ice beast barely misses you.
The ice beast attacks as you move away! The ice beast hits you.
* * * LOW HITPOINT WARNING * * *
The ice beast freezes you!
You die...

#.## #.# #.#
#########.# ...###.#
#.# #.# .......#
#####.###### ##.##
...##### #....#.....#
##...##
#.##########.###.####.#
#.#.#>## .............#
#.# #.# #.#.....
############## #.# #.#
#.###.## #.# #.#
##...## ####### #@# #.#
##### ......# #Y# #.#
###### #####.# #.# #.#
#..... ## #.# ######.#
#.# #.#### .## #.#
#......# #.# #.# ..#
#.# #.###### #.# #.#
..# #.# #.# #.#### #.#
#.# #.# #.# #....# #.#
#.# #.# #.# ####.# #.##


You could see an ice beast.

Vanquished Creatures
  2 adders (D:2)
  3 ball pythons (D:2)
  3 bats
  2 endoplasms
  A giant cockroach (D:2)
  3 goblins
  4 hobgoblins
  A quokka (D:2)
  3 frilled lizards
  A kobold (D:1)
  4 rats
27 creatures vanquished.

Notes
Turn   | Place    | Note
-------+----------+-------------------------------------------
     0 | D:1      | lunkers the Vampire Necromancer began the quest for the
                  | Orb.
     0 | D:1      | Reached XP level 1. HP: 13/13 MP: 3/3
   787 | D:1      | Found a faded altar of an unknown god.
   791 | D:1      | Reached XP level 2. HP: 19/19 MP: 1/5
  1066 | D:2      | Reached skill level 5 in Necromancy
  1148 | D:2      | Gained mutation: You are afflicted with vampirism and can
                  | become a bat while bloodless. [Vampire growth]
  1148 | D:2      | Reached XP level 3. HP: 24/24 MP: 2/6
  1468 | D:2      | Found a shimmering blue altar of Sif Muna.
  2051 | D:3      | Found an ancient bone altar of Kikubaaqudgha.
  2051 | D:3      | Noticed an ice beast
  2086 | D:2      | Slain by an ice beast

Illustrated notes

Levels and vault maps discovered:
D:1:      dpeg_arrival_pond, layout_basic,
          chequers_ecumenical_altar_simple_redux
D:2:      layout_loops_ring, basic_altar
D:3:      layout_loops_ring, lemuel_coloured_pillars_altar,
          mainiacjoe_overflow_concentric_impassable, minivault_23,
          minmay_rat_hole, uniq_natasha

Skill      XL: |  1  2 |
---------------+-------+-----
Necromancy     | 5 |  5.5
Dodging        | |  2.1
Stealth        | |  3.0
Spellcasting   | |  2.4

Action                   || total
-------------------------++-------
 Cast: Necrotize         ||    48
Armor: Robe              ||     1
Dodge: Dodged            ||    11

Table legend: (Time is in decaauts)
 A = Elapsed time spent in this place.
 B = Non-inter-level travel time spent in this place.
 C = Inter-level travel time spent in this place.
 D = Time resting spent in this place.
 E = Time spent auto-exploring this place.
 F = Levels seen in this place.
 G = Mean time per level.
                   A        B        C        D        E       F      G
               +--------+--------+--------+--------+--------+-----+--------+
         Total |   2084 |   2023 |     61 |      0 |   1850 |   3 |  694.7 |
       Dungeon |   2084 |   2023 |     61 |      0 |   1850 |   3 |  694.7 |
               +--------+--------+--------+--------+--------+-----+--------+

Top non-repeatable levels by time:
     D:1: 1059 daAuts
     D:2: 977 daAuts
     D:3: 47 daAuts
